[Event "Icelandic Open 2019"]
[Site "Akureyri"]
[Date "2019.05.30"]
[Round "7.9"]
[White "Petursson, Gudni"]
[Black "Sarkar, Justin"]
[Result "0-1"]
[ECO "A38"]
[WhiteElo "2045"]
[BlackElo "2358"]
[Annotator "ChessBase"]
[PlyCount "120"]
[EventDate "2019.05.25"]
[EventType "swiss"]
[EventCountry "ISL"]
[SourceTitle "playchess.com"]
[Source "ChessBase"]
[SourceQuality "1"]
[TimeControl "40/5400+30:1800+30"]

1. c4 c5 2. Nc3 Nc6 3. g3 g6 4. Bg2 Bg7 5. Nf3 Nf6 6. O-O h5 7. d4 cxd4 8. Nxd4 h4 9. e3 hxg3 10. hxg3 Qa5 11. Nb3 Qb4 12. Nd5 Nxd5 13. cxd5 Ne5 14. Bd2 Qb6 15. Bc3 g5 16. d6 g4 17. Nd4 Qxd6 18. Nf5 Qg6 19. Nxg7+ Qxg7 20. Bxe5 Qxe5 21. Qxg4 d5 22. Qf3 Be6 23. b3 O-O-O 24. Rac1+ Kb8 25. Qf4 Qxf4 26. exf4 Bh3 27. Bxh3 Rxh3 28. Kg2 Rh6 29. Kf3 Rc6 30. Ke3 Kc7 31. Rh1 Kd6 32. Rh6+ f6 33. Rxc6+ bxc6 34. g4 c5 35. g5 Ke6 36. gxf6 exf6 37. Rh1 a5 38. Rh7 a4 39. Rb7 Rh8 40. Rb6+ Kf5 41. Rb5 Rh3+ 42. Ke2 Rc3 43. Kd2 d4 44. b4 Ke4 45. bxc5 Rf3 46. Ke2 Ra3 47. Rb2 Kd5 48. Rb6 Rxa2+ 49. Kf3 Kxc5 50. Rxf6 a3 51. Ra6 Ra1 52. f5 d3 53. Ke3 a2 54. f6 Re1+ 55. Kxd3 a1=Q 56. Rxa1 Rxa1 57. Ke4 Kd6 58. Kf5 Ra5+ 59. Kg6 Ke6 60. f7 Rf5 0-1

[Event "Icelandic Open 2019"]
[Site "Akureyri"]
[Date "2019.05.30"]
[Round "7.10"]
[White "Ptacnikova, Lenka"]
[Black "Jonsson, Gauti Pall"]
[Result "*"]
[ECO "B40"]
[WhiteElo "2145"]
[BlackElo "2033"]
[Annotator "RC"]
[PlyCount "245"]
[EventDate "2019.05.25"]
[EventType "swiss"]
[EventCountry "ISL"]
[SourceTitle "playchess.com"]
[Source "ChessBase"]
[SourceQuality "1"]
[TimeControl "40/5400+30:1800+30"]

1. e4 c5 2. Nc3 a6 3. g3 b5 4. Bg2 Bb7 5. d3 e6 6. Nf3 Nc6 7. O-O d6 8. Re1 Be7 9. d4 cxd4 10. Nxd4 Qc7 11. Nxc6 Bxc6 12. Ne2 Nf6 13. Nd4 Bb7 14. c3 O-O 15. a4 bxa4 16. Qxa4 Nd7 17. Nb3 Ne5 18. Na5 Bc8 19. Rd1 Bd7 20. Qc2 Bb5 21. b3 Rac8 22. c4 Rfd8 23. Qe2 Be8 24. Bb2 Rb8 25. Bc3 Nd7 26. Qg4 Ne5 27. Qe2 Nd7 28. Qg4 Bf6 29. Bxf6 Nxf6 30. Qe2 Qb6 31. e5 dxe5 32. Re1 e4 33. Bxe4 Rd4 34. Bf3 Qb4 35. Qe3 Rbd8 36. Reb1 Rd3 37. Qe2 Rd2 38. Qe1 Qc3 39. Be2 Qe5 40. Bf3 Qf5 41. Rd1 Rxd1 42. Rxd1 Rxd1 43. Bxd1 h5 44. Be2 h4 45. Bf1 hxg3 46. hxg3 e5 47. c5 e4 48. b4 Nd5 49. Nc4 Bc6 50. Nd6 Qe5 51. Bxa6 e3 52. Bc4 exf2+ 53. Qxf2 Qa1+ 54. Bf1 Nxb4 55. Qxf7+ Kh7 56. Qh5+ Kg8 57. Qf7+ Kh7 58. Qf5+ Kg8 59. Qe6+ Kh7 60. Qh3+ Kg8 61. Qc8+ Kh7 62. Qf5+ Kg8 63. Nc8 Qd4+ 64. Qf2 Qxf2+ 65. Kxf2 Kf7 66. Na7 Ke6 67. Nxc6 Nxc6 68. Bg2 Nb4 69. Ke3 Ke5 70. Bb7 Nc2+ 71. Kd3 Nd4 72. c6 Ne6 73. Bc8 Nc7 74. Kc4 Nd5 75. Kc5 Nc7 76. Bh3 Nd5 77. Bf1 Nc7 78. Bc4 Ne8 79. Bg8 Nc7 80. Bf7 Na8 81. Be8 Nc7 82. Bd7 Nd5 83. Bh3 Nc7 84. Kb6 Kd6 85. Kb7 Nd5 86. Bg2 Nc7 87. Bf1 Ne6 88. Kb6 Nc7 89. Bc4 Ne8 90. Bf7 Nc7 91. Bh5 Ne6 92. Bf3 Nc7 93. Bg4 Ne8 94. Bd7 Nc7 95. Kb7 Nd5 96. g4 g5 97. Bf5 Nc7 98. Be4 Nb5 99. Bg2 Nc7 100. Bf1 Nd5 101. Bc4 Nc7 102. Bf7 Nb5 103. Be8 Nc7 104. Bd7 Nd5 105. Kc8 Nc7 106. Kd8 Nd5 107. Ke8 Nc7+ 108. Kf7 Ke5 109. Kg6 Kf4 110. Bf5 Nd5 111. Kf7 Ke5 112. Bc8 Nb6 113. Bd7 Nd5 114. Be6 Nc7 115. Bc4 Kd6 116. Kf6 Kxc6 117. Kxg5 Kd7 118. Kh6 Ke7 119. g5 Ne8 120. Kh7 Kf8 121. g6 Ng7 122. Be2 Nf5 123. Bg4 *

[Event "Icelandic Open 2019"]
[Site "Akureyri"]
[Date "2019.05.30"]
[Round "7.12"]
[White "Briem, Benedikt"]
[Black "Thorhallsson, Gylfi"]
[Result "1/2-1/2"]
[ECO "A47"]
[WhiteElo "1811"]
[BlackElo "2039"]
[Annotator "NA"]
[PlyCount "97"]
[EventDate "2019.05.25"]
[EventType "swiss"]
[EventCountry "ISL"]
[SourceTitle "playchess.com"]
[Source "ChessBase"]
[SourceQuality "1"]
[TimeControl "40/5400+30:1800+30"]

1. d4 Nf6 2. Nf3 e6 3. Bf4 b6 4. e3 Bb7 5. Bd3 Be7 6. Nbd2 c5 7. c3 O-O 8. h3 d6 9. O-O Nbd7 10. Qe2 Qc7 11. e4 e5 12. Bh2 Rfe8 13. dxe5 dxe5 14. Nc4 Bf8 15. Nfd2 b5 16. Ne3 c4 17. Bc2 Rad8 18. a4 a6 19. axb5 axb5 20. Ng4 Nxg4 21. hxg4 Nc5 22. Nf3 Bc8 23. g5 Bg4 24. Rfd1 g6 25. Rxd8 Rxd8 26. Rd1 Bg7 27. Rd5 Rxd5 28. exd5 Qd8 29. Qe3 Bxf3 30. gxf3 Qxd5 31. Kf1 Nd7 32. Ke2 Bf8 33. Be4 Qe6 34. f4 Bc5 35. Qf3 exf4 36. Qxf4 f5 37. gxf6 Nxf6 38. f3 Bf8 39. Bg1 Bd6 40. Qh4 Nxe4 41. fxe4 Be7 42. Qf4 g5 43. Qb8+ Kf7 44. Qxb5 Qxe4+ 45. Be3 Bf6 46. b3 cxb3 47. Qxb3+ Qe6 48. Qxe6+ Kxe6 49. Bxg5 1/2-1/2

[Event "Icelandic Open 2019"]
[Site "Akureyri"]
[Date "2019.05.30"]
[Round "7.13"]
[White "Pinto, Mark"]
[Black "Johannsson, Birkir Isak"]
[Result "1/2-1/2"]
[ECO "D00"]
[WhiteElo "2082"]
[BlackElo "1981"]
[Annotator "NA"]
[PlyCount "88"]
[EventDate "2019.05.25"]
[EventType "swiss"]
[EventCountry "ISL"]
[SourceTitle "playchess.com"]
[Source "ChessBase"]
[SourceQuality "1"]
[TimeControl "40/5400+30:1800+30"]

1. d4 d5 2. Bf4 c5 3. e3 Nc6 4. c3 Nf6 5. Nd2 Bf5 6. Ngf3 Qb6 7. Qb3 c4 8. Qxb6 axb6 9. a3 b5 10. Rc1 h6 $15 11. h3 e6 12. Ne5 Be7 13. Be2 Ne4 14. Nxe4 Bxe4 15. O-O Nxe5 16. Bxe5 f6 17. Bg3 Kd7 18. f3 Bf5 19. Rfe1 g5 20. Bf1 Bg6 21. e4 Rae8 22. Rcd1 Bd8 23. Kf2 h5 24. Ra1 h4 25. Bh2 Bc7 26. Bxc7 Kxc7 27. exd5 exd5 28. Rxe8 Rxe8 29. Re1 Rxe1 30. Kxe1 f5 31. f4 g4 32. g3 hxg3 33. Bg2 Kd6 34. Kf1 Bh5 35. Kg1 Ke6 36. h4 Bf7 37. Bf1 Kf6 38. Kg2 Kg6 39. Kxg3 Kh5 40. Be2 Be6 41. Bd1 Bd7 42. Bc2 Kg6 43. b3 Kh5 44. Bd1 Kg6 1/2-1/2

[Event "Icelandic Open 2019"]
[Site "Akureyri"]
[Date "2019.05.30"]
[Round "7.14"]
[White "Ragnarsson, Johann"]
[Black "Gower, Sam"]
[Result "0-1"]
[ECO "E20"]
[WhiteElo "1968"]
[BlackElo "2069"]
[Annotator "NA"]
[PlyCount "90"]
[EventDate "2019.05.25"]
[EventType "swiss"]
[EventCountry "ISL"]
[SourceTitle "playchess.com"]
[Source "ChessBase"]
[SourceQuality "1"]
[TimeControl "40/5400+30:1800+30"]

1. d4 Nf6 2. c4 e6 3. Nc3 Bb4 4. f3 d5 5. a3 Be7 6. e4 dxe4 7. fxe4 c5 8. d5 exd5 9. exd5 O-O 10. Qc2 Re8 11. Be2 Bd6 12. Nf3 Bg4 13. O-O Nbd7 14. Bg5 h6 15. Bh4 Qb8 16. h3 Bh5 17. Bd3 Bxf3 18. Rxf3 g5 19. Bf2 Bf4 20. Ne4 Nxe4 21. Bxe4 Qd6 22. g3 Be5 23. Rf1 Re7 24. Bf5 Nf6 25. Qd2 Kg7 26. Kg2 Rg8 27. Bb1 g4 28. hxg4 Nxg4 29. Qd3 Kf8 30. Qf5 Nxf2 31. R1xf2 Bxg3 32. Qc8+ Kg7 33. Qg4+ Kh8 34. Rxg3 Rxg4 35. Rxg4 Qe5 36. Be4 Qh5 37. Rff4 Rxe4 38. Rxe4 f5 39. Kg3 fxg4 40. Rxg4 Qe5+ 41. Kf3 b5 42. Re4 Qf5+ 43. Ke3 bxc4 44. Re8+ Kg7 45. d6 Qd3+ 0-1

[Event "Icelandic Open 2019"]
[Site "Akureyri"]
[Date "2019.05.30"]
[Round "7.15"]
[White "Kristjansson, Olafur"]
[Black "Eiriksson, Sigurdur"]
[Result "1-0"]
[ECO "B07"]
[WhiteElo "2069"]
[BlackElo "1811"]
[Annotator "NA"]
[PlyCount "59"]
[EventDate "2019.05.25"]
[EventType "swiss"]
[EventCountry "ISL"]
[SourceTitle "playchess.com"]
[Source "ChessBase"]
[SourceQuality "1"]
[TimeControl "40/5400+30:1800+30"]

1. e4 d6 2. d4 g6 3. Nc3 Bg7 4. Be3 Nf6 5. f3 O-O 6. Qd2 a6 7. O-O-O b5 8. h4 c6 9. h5 Qa5 10. hxg6 fxg6 11. Bh6 Rf7 12. Bxg7 Rxg7 13. e5 Ne8 14. exd6 Nxd6 15. a3 Be6 16. Qe3 Bd7 17. Qe5 Qb6 18. Nh3 Qc7 19. Ng5 Ne8 20. Qe3 a5 21. d5 Nd6 22. dxc6 Nxc6 23. Nxb5 Nxb5 24. Bc4+ Kh8 25. Bxb5 Rc8 26. Kb1 e5 27. Bxc6 Qxc6 28. Qxe5 Qxc2+ 29. Ka1 Kg8 30. Rxd7 1-0

[Event "Icelandic Open 2019"]
[Site "Akureyri"]
[Date "2019.05.31"]
[Round "8.3"]
[White "Gunnarsson, Jon Viktor"]
[Black "Gislason, Gudmundur"]
[Result "1-0"]
[ECO "B46"]
[WhiteElo "2452"]
[BlackElo "2288"]
[Annotator "ChessBase"]
[PlyCount "91"]
[EventDate "2019.05.25"]
[EventType "swiss"]
[EventCountry "ISL"]
[SourceTitle "playchess.com"]
[Source "ChessBase"]
[SourceQuality "1"]
[TimeControl "40/5400+30:1800+30"]

1. e4 c5 2. Nf3 Nc6 3. Nc3 a6 4. d4 cxd4 5. Nxd4 e6 6. Nxc6 bxc6 7. Bd3 Qc7 8. O-O Nf6 9. Qe2 d5 10. f4 Be7 11. e5 Nd7 12. Na4 c5 13. c4 Bb7 14. b3 d4 15. Bd2 g6 16. Be4 Bxe4 17. Qxe4 O-O 18. g4 Rae8 19. Rae1 Bh4 20. Re2 f6 21. exf6 Bxf6 22. Nb2 Kh8 23. Nd3 a5 24. Rf3 Bd8 25. Rh3 Kg8 26. g5 Rf5 27. Nf2 h5 28. gxh6 Kh7 29. Qg2 e5 30. Rg3 Rg8 31. Nd3 exf4 32. Bxf4 Rxf4 33. Nxf4 Qxf4 34. Rf2 Qxh6 35. Rh3 Bh4 36. Qg4 Bxf2+ 37. Kxf2 Rf8+ 38. Kg2 Nf6 39. Rxh6+ Kxh6 40. Qf4+ Kg7 41. Qe5 Rf7 42. Kf1 d3 43. Ke1 Rd7 44. Kd1 d2 45. Qxc5 Kf7 46. Qe5 1-0

[Event "Icelandic Open 2019"]
[Site "Akureyri"]
[Date "2019.05.31"]
[Round "8.5"]
[White "Thorhallsson, Simon"]
[Black "Thorfinnsson, Bragi"]
[Result "0-1"]
[ECO "A64"]
[WhiteElo "2184"]
[BlackElo "2451"]
[Annotator "ChessBase"]
[PlyCount "52"]
[EventDate "2019.05.25"]
[EventType "swiss"]
[EventCountry "ISL"]
[SourceTitle "playchess.com"]
[Source "ChessBase"]
[SourceQuality "1"]
[TimeControl "40/5400+30:1800+30"]

1. d4 Nf6 2. c4 e6 3. g3 c5 4. d5 exd5 5. cxd5 d6 6. Nc3 g6 7. Bg2 Bg7 8. Nf3 O-O 9. O-O a6 10. a4 Nbd7 11. Nd2 Re8 12. h3 Rb8 13. Nc4 Ne5 14. Na3 Nh5 15. e4 Bd7 16. g4 Nf6 17. f4 Nexg4 18. hxg4 Nxg4 19. Nc2 Qh4 20. Rf3 f5 21. e5 dxe5 22. Ne2 b5 23. a5 b4 24. fxe5 Bxe5 25. Nf4 Qh2+ 26. Kf1 Bxf4 0-1

[Event "Icelandic Open 2019"]
[Site "Akureyri"]
[Date "2019.05.31"]
[Round "8.6"]
[White "Thorfinnsson, Bjorn"]
[Black "Karlsson, Mikael Johann"]
[Result "0-1"]
[ECO "E21"]
[WhiteElo "2389"]
[BlackElo "2146"]
[Annotator "ChessBase"]
[PlyCount "62"]
[EventDate "2019.05.25"]
[EventType "swiss"]
[EventCountry "ISL"]
[SourceTitle "playchess.com"]
[Source "ChessBase"]
[SourceQuality "1"]
[TimeControl "40/5400+30:1800+30"]

1. d4 Nf6 2. c4 e6 3. Nf3 b6 4. g3 Bb7 5. Bg2 Bb4+ 6. Nc3 d6 7. O-O Bxc3 8. bxc3 Nbd7 9. h3 h6 10. g4 Qe7 11. Bf4 g5 12. Be3 Ne4 13. d5 O-O-O 14. Nd4 Ndc5 15. Bxe4 Nxe4 16. Nc6 Bxc6 17. dxc6 Kb8 18. Qa4 Qe8 19. f4 f5 20. gxf5 exf5 21. Bd4 Rg8 22. fxg5 Rxg5+ 23. Kh2 Nxc3 24. Qc2 Qxc6 25. Rf3 Ne4 26. Be3 Rg6 27. Rg1 Rxg1 28. Bxg1 Rg8 29. Rxf5 Nd2 30. Rd5 Nf1+ 31. Kh1 Qd7 0-1

[Event "Icelandic Open 2019"]
[Site "Akureyri"]
[Date "2019.05.31"]
[Round "8.7"]
[White "Sarkar, Justin"]
[Black "Stefansson, Vignir Vatnar"]
[Result "1-0"]
[ECO "A88"]
[WhiteElo "2358"]
[BlackElo "2291"]
[Annotator "ChessBase"]
[PlyCount "70"]
[EventDate "2019.05.25"]
[EventType "swiss"]
[EventCountry "ISL"]
[SourceTitle "playchess.com"]
[Source "ChessBase"]
[SourceQuality "1"]
[TimeControl "40/5400+30:1800+30"]

1. d4 f5 2. c4 Nf6 3. Nc3 g6 4. g3 Bg7 5. Bg2 O-O 6. Nf3 d6 7. O-O c6 8. Re1 Na6 9. b3 Bd7 10. e4 fxe4 11. Nxe4 Nxe4 12. Rxe4 Bf5 13. Rh4 e5 14. Bg5 Qc7 15. Qd2 e4 16. Ne1 d5 17. Nc2 Qd7 18. cxd5 cxd5 19. Ne3 Nc7 20. f3 Ne6 21. Bh6 Nxd4 22. Bxg7 Qxg7 23. Rd1 g5 24. Nxf5 Rxf5 25. fxe4 dxe4 26. Rxe4 Nc6 27. Bh3 Rf6 28. Qd7 Raf8 29. Be6+ Kh8 30. Qxg7+ Kxg7 31. Rd7+ Kh8 32. Rxb7 Rf1+ 33. Kg2 h5 34. Bd5 g4 35. Rf4 Rf2+ {[%emt 0:00:02] Rxf8+ Rxf8} 1-0

[Event "Icelandic Open 2019"]
[Site "Akureyri"]
[Date "2019.05.31"]
[Round "8.8"]
[White "Bergsson, Stefan"]
[Black "Ptacnikova, Lenka"]
[Result "1-0"]
[ECO "B45"]
[WhiteElo "2124"]
[BlackElo "2145"]
[Annotator "ChessBase"]
[PlyCount "41"]
[EventDate "2019.05.25"]
[EventType "swiss"]
[EventCountry "ISL"]
[SourceTitle "playchess.com"]
[Source "ChessBase"]
[SourceQuality "1"]
[TimeControl "40/5400+30:1800+30"]

1. e4 c5 2. Nf3 e6 3. d4 cxd4 4. Nxd4 Nf6 5. Nc3 Nc6 6. Ndb5 Bb4 7. Nd6+ Ke7 8. Bf4 Qa5 9. Qd2 Nh5 10. Nc4 Bxc3 11. bxc3 Qd8 12. Bd6+ Ke8 13. Ba3 Qf6 14. Nd6+ Kd8 15. O-O-O Ne5 16. g3 g5 17. Be2 Ng7 18. f4 gxf4 19. gxf4 Ng6 20. Rhf1 Nf8 21. Nxc8 1-0

[Event "Icelandic Open 2019"]
[Site "Akureyri"]
[Date "2019.05.31"]
[Round "8.9"]
[White "Jonsson, Gauti Pall"]
[Black "Thorhallsson, Throstur"]
[Result "0-1"]
[ECO "B21"]
[WhiteElo "2033"]
[BlackElo "2435"]
[Annotator "ChessBase"]
[PlyCount "90"]
[EventDate "2019.05.25"]
[EventType "swiss"]
[EventCountry "ISL"]
[SourceTitle "playchess.com"]
[Source "ChessBase"]
[SourceQuality "1"]
[TimeControl "40/5400+30:1800+30"]

1. e4 c5 2. Be2 Nc6 3. f4 g6 4. Nf3 Bg7 5. O-O d6 6. d3 e6 7. c3 Nf6 8. Kh1 O-O 9. Be3 b6 10. Nbd2 Bb7 11. Qe1 Ng4 12. Bg1 Qe7 13. h3 Nh6 14. Be3 f5 15. Qg3 fxe4 16. dxe4 d5 17. Bd3 dxe4 18. Bxe4 Nf5 19. Bxf5 exf5 20. Rfe1 Qf6 21. Nc4 Rad8 22. Bf2 Qf7 23. Nce5 Nxe5 24. Nxe5 Qc7 25. Re3 Be4 26. Nf3 Bf6 27. Rae1 Qf7 28. b3 h6 29. R1e2 Rd1+ 30. Kh2 Rfd8 31. Re1 R1d3 32. Rxd3 Rxd3 33. c4 Bxf3 34. gxf3 Rd2 35. Kg1 Kh7 36. Qg2 Bd4 37. Rf1 Rxa2 38. Qg3 Bf6 39. Rd1 h5 40. Kh1 Rb2 41. Rd3 Qe7 42. Re3 Qd7 43. Bg1 Qd2 44. Re6 h4 45. Qh2 Qc3 0-1

[Event "Icelandic Open 2019"]
[Site "Akureyri"]
[Date "2019.05.31"]
[Round "8.10"]
[White "Gower, Sam"]
[Black "Sigurdsson, Snorri Thor"]
[Result "1/2-1/2"]
[ECO "C01"]
[WhiteElo "2069"]
[BlackElo "1965"]
[Annotator "NA"]
[PlyCount "66"]
[EventDate "2019.05.25"]
[EventType "swiss"]
[EventCountry "ISL"]
[SourceTitle "playchess.com"]
[Source "ChessBase"]
[SourceQuality "1"]
[TimeControl "40/5400+30:1800+30"]

1. e4 e6 2. d4 d5 3. exd5 exd5 4. Nf3 Bd6 5. c4 Nf6 6. Nc3 c6 7. Bd3 O-O 8. O-O h6 9. Ne5 Nbd7 10. Bf4 Qc7 11. Re1 dxc4 12. Bxc4 Nb6 13. Bb3 Bf5 14. Rc1 a6 15. Nxf7 Bxf4 16. Nxh6+ Kh8 17. Nxf5 Bxc1 18. Qxc1 Ng4 19. Qg5 Qxh2+ 20. Kf1 Rxf5 21. Qxf5 Qh1+ 22. Ke2 Qxg2 23. Qh5+ Nh6 24. Kd1 Qg4+ 25. Qxg4 Nxg4 26. Re7 Rd8 27. Rxb7 Rxd4+ 28. Ke2 Nd7 29. f3 Nge5 30. Ke3 Rd3+ 31. Ke2 Rd4 32. Ke3 Rd3+ 33. Ke2 Rd4 1/2-1/2

[Event "Icelandic Open 2019"]
[Site "Akureyri"]
[Date "2019.05.31"]
[Round "8.11"]
[White "Kristjansson, Olafur"]
[Black "Ruelland, Geoffrey"]
[Result "1/2-1/2"]
[ECO "B90"]
[WhiteElo "2069"]
[BlackElo "1955"]
[Annotator "NA"]
[PlyCount "56"]
[EventDate "2019.05.25"]
[EventType "swiss"]
[EventCountry "ISL"]
[SourceTitle "playchess.com"]
[Source "ChessBase"]
[SourceQuality "1"]
[TimeControl "40/5400+30:1800+30"]

1. e4 c5 2. Nf3 e6 3. d4 cxd4 4. Nxd4 Nf6 5. Nc3 d6 6. Be2 Nc6 7. Be3 a6 8. g4 Qc7 9. g5 Nd7 10. O-O Be7 11. f4 b5 12. f5 Nde5 13. fxe6 fxe6 14. Nxc6 Qxc6 15. Qd4 Qc5 16. Qd2 Bxg5 17. Bxc5 Bxd2 18. Bxd6 Be3+ 19. Kg2 Nf7 20. Bb4 Bd7 21. a4 bxa4 22. Nxa4 Bc6 23. Bd3 a5 24. Bc5 Bxc5 25. Nxc5 Ke7 26. Nxe6 Kxe6 27. Bc4+ Kd6 28. Rxf7 Bxe4+ 1/2-1/2

[Event "Icelandic Open 2019"]
[Site "Akureyri"]
[Date "2019.05.31"]
[Round "8.12"]
[White "Dietzsch, Herbert"]
[Black "Briem, Benedikt"]
[Result "1/2-1/2"]
[ECO "B01"]
[WhiteElo "2059"]
[BlackElo "1811"]
[Annotator "NA"]
[PlyCount "35"]
[EventDate "2019.05.25"]
[EventType "swiss"]
[EventCountry "ISL"]
[SourceTitle "playchess.com"]
[Source "ChessBase"]
[SourceQuality "1"]
[TimeControl "40/5400+30:1800+30"]

1. e4 d5 2. exd5 Qxd5 3. Nc3 Qd6 4. Nf3 Nf6 5. h3 c6 6. d4 Bf5 7. Bd3 Bxd3 8. Qxd3 Nbd7 9. Bg5 e6 10. O-O Be7 11. Rfe1 O-O 12. Rad1 Rfe8 13. a3 Qc7 14. Ne5 Rad8 15. Qg3 Nh5 16. Qf3 Nxe5 17. Qxh5 Ng6 18. Bxe7 1/2-1/2

[Event "Icelandic Open 2019"]
[Site "Akureyri"]
[Date "2019.05.31"]
[Round "8.13"]
[White "Barthel, Ansgar"]
[Black "Sigurdarson, Tomas Veigar"]
[Result "0-1"]
[ECO "C01"]
[WhiteElo "2062"]
[BlackElo "1994"]
[Annotator "NA"]
[PlyCount "66"]
[EventDate "2019.05.25"]
[EventType "swiss"]
[EventCountry "ISL"]
[SourceTitle "playchess.com"]
[Source "ChessBase"]
[SourceQuality "1"]
[TimeControl "40/5400+30:1800+30"]

1. e4 e6 2. d4 d5 3. Nc3 Bb4 4. exd5 exd5 5. Bd3 Nc6 6. a3 Ba5 7. Nge2 Nge7 8. O-O {[%emt 0:04:31] C01: French: Exchange Variation} Bb6 (8... O-O 9. Bg5 f6 10. Be3 Bf5 11. Nf4 Bxc3 12. bxc3 Qd7 13. c4 Bxd3 14. Qxd3 Rad8 15. Rab1 b6 16. Rb5 dxc4 17. Qxc4+ {0-1 (48) Hou,Y (2680)-Mamedyarov,S (2804) Wijk aan Zee 2018}) 9. Na4 $146 ({Predecessor:} 9. Be3 Bf5 10. Ng3 Bxd3 11. Qxd3 Qd7 12. Rfe1 O-O 13. Na4 Nd8 14. Bg5 f6 15. Nxb6 axb6 {1-0 (43) Moskalenko,V (2520)-Almeida Quintana,O (2425) Solsona 2003}) 9... Bxd4 10. Nxd4 Nxd4 11. Re1 Bf5 12. Nc5 b6 13. Bg5 f6 14. Bxf6 gxf6 15. Bxf5 bxc5 16. Qh5+ Kf8 17. Be6 Nxe6 18. Rxe6 Ng6 19. Rae1 Kg7 20. f4 f5 21. Qxf5 Rf8 22. Qg4 Kh8 23. g3 Nxf4 24. Re7 Ng6 25. R7e6 Rf6 26. R6e2 Qf8 27. h4 Nf4 28. Re5 Rg6 29. Qd7 Rxg3+ 30. Kf2 Nd3+ 31. Kxg3 Qf4+ {[%emt 0:00:05] Double Attack} 32. Kh3 Nxe5 33. Qxd5 Qf5+ 0-1

[Event "Icelandic Open 2019"]
[Site "Akureyri"]
[Date "2019.05.31"]
[Round "8.14"]
[White "Pupols, Viktors"]
[Black "Pinto, Mark"]
[Result "1/2-1/2"]
[ECO "D02"]
[WhiteElo "2023"]
[BlackElo "2082"]
[Annotator "NA"]
[PlyCount "108"]
[EventDate "2019.05.25"]
[EventType "swiss"]
[EventCountry "ISL"]
[SourceTitle "playchess.com"]
[Source "ChessBase"]
[SourceQuality "1"]
[TimeControl "40/5400+30:1800+30"]

1. d4 g6 2. Nf3 Bg7 3. g3 d5 4. c3 Nf6 5. Bg2 O-O 6. O-O c6 7. Nbd2 Nbd7 8. Qc2 {[%emt 0:00:44] D02: 1 d4 d5 2 Nf3 sidelines, including 2...Nf6 3 g3 and 2...Nf6 3 Bf4} (8. Re1 c5 9. a4 cxd4 10. cxd4 a5 11. Nb1 Nb8 12. Nc3 Nc6 13. Ne5 Bf5 14. Bg5 Nb4 15. Rc1 Ne4 16. Be3 Nxc3 17. bxc3 {1-0 (28) Kramnik,V (2800)-Dubov,D (2701) Moscow 2018}) 8... b6 9. e4 dxe4 10. Nxe4 Bb7 11. Nxf6+ $146 ({Predecessor:} 11. Re1 c5 12. Nxf6+ Bxf6 13. Bh6 Re8 14. Rad1 cxd4 15. Nxd4 {½-½ (15) Zhelesny,S (2194)-Adamowicz,K (2103) Moscow 2011}) 11... exf6 12. Bf4 c5 13. dxc5 Nxc5 14. Rad1 Qc8 15. Rfe1 Re8 16. Rxe8+ Qxe8 17. Ne1 Bxg2 18. Nxg2 f5 19. Qd2 Ne6 20. Qd7 Nc5 21. Qxe8+ Rxe8 22. Kf1 h5 23. Ne1 Bf6 24. h4 Re4 25. Bd6 Ne6 26. f4 Ra4 27. a3 Rc4 28. Kf2 a5 29. Nc2 Rc6 30. Ne3 Kg7 31. a4 Kh6 32. Rd3 Kg7 33. Ke2 Kh6 34. Kd2 Kg7 35. Ba3 Rc7 36. Nd5 Rb7 37. Kc2 Bd8 38. Bd6 b5 39. axb5 Rxb5 40. c4 Rb7 41. Ba3 a4 42. Nc3 Ra7 43. Nb5 (43. Rd5 $16) 43... Ra8 44. Rd7 Bf6 45. Nd6 Bd4 46. Nxf7 Kg8 47. Ng5 Nxg5 48. Rxd4 Ne4 49. Rd3 Kf7 50. b4 (50. c5 $16) 50... axb3+ 51. Rxb3 Rc8 52. Rb7+ Kg8 53. Bb2 $11 Rxc4+ 54. Kd3 Rc6 1/2-1/2

[Event "Icelandic Open 2019"]
[Site "Akureyri"]
[Date "2019.05.31"]
[Round "8.15"]
[White "Johannsson, Birkir Isak"]
[Black "Petursson, Gudni"]
[Result "1-0"]
[ECO "E18"]
[WhiteElo "1981"]
[BlackElo "2045"]
[Annotator "NA"]
[PlyCount "145"]
[EventDate "2019.05.25"]
[EventType "swiss"]
[EventCountry "ISL"]
[SourceTitle "playchess.com"]
[Source "ChessBase"]
[SourceQuality "1"]
[TimeControl "40/5400+30:1800+30"]

1. d4 Nf6 2. c4 e6 3. Nf3 b6 4. g3 Bb7 5. Bg2 d5 6. cxd5 exd5 7. O-O Be7 8. Nc3 O-O $11 9. Bf4 Na6 10. Rc1 c5 11. Qc2 Nb4 12. Qb1 Nc6 13. Rfd1 c4 14. Ne5 Na5 15. Bg5 a6 16. Bxf6 Bxf6 17. Qf5 g6 18. Qf3 Bxe5 19. dxe5 d4 20. Qf4 Bxg2 21. Rxd4 Qe7 22. Kxg2 Nc6 23. Rxc4 Nxe5 24. Nd5 Qd6 25. Nf6+ Kg7 26. Re4 Qxf6 27. Qxe5 Qxe5 28. Rxe5 Rac8 29. Rxc8 Rxc8 30. Re3 Rc2 31. Rb3 b5 32. Kf3 Kf6 33. Ra3 Rxb2 34. Rxa6+ Kg7 35. g4 b4 36. h4 b3 37. axb3 Rxb3+ 38. e3 Rb5 39. Ra4 h5 40. gxh5 Rxh5 41. Kg4 Rb5 42. f3 Rb1 43. Ra5 Rg1+ 44. Kh3 Rh1+ 45. Kg3 Rg1+ 46. Kh2 Re1 47. e4 Rb1 48. h5 gxh5 49. Rxh5 Rc1 50. Kg3 Rc6 51. Kf4 Ra6 52. Rg5+ Kf6 53. Rg8 Rb6 54. e5+ Ke7 55. Kf5 Ra6 56. Rb8 Ra7 57. Rb6 Rc7 58. f4 Ra7 59. Kg5 Ra1 60. Rb7+ Ke6 61. f5+ Kxe5 62. Re7+ Kd6 63. Rxf7 Re1 64. Kf6 Re8 65. Ra7 Re1 66. Kf7 Rh1 67. Ra6+ Kd7 68. f6 Rg1 69. Kf8 Rg2 70. f7 Rg1 71. Ra4 Rd1 72. Rg4 Rf1 73. Kg7 1-0

[Event "Icelandic Open 2019"]
[Site "Akureyri"]
[Date "2019.06.01"]
[Round "9.4"]
[White "Thorfinnsson, Bragi"]
[Black "Bergsson, Stefan"]
[Result "1-0"]
[ECO "A02"]
[WhiteElo "2451"]
[BlackElo "2124"]
[Annotator "ChessBase"]
[PlyCount "81"]
[EventDate "2019.05.25"]
[EventType "swiss"]
[EventCountry "ISL"]
[SourceTitle "playchess.com"]
[Source "ChessBase"]
[SourceQuality "1"]
[TimeControl "40/5400+30:1800+30"]

1. b3 g6 2. Bb2 Nf6 3. e4 d6 4. f4 Bg7 5. Nf3 O-O 6. Bd3 c5 7. O-O Nc6 8. Qe1 Rb8 9. Nc3 Nb4 10. Qh4 a6 11. f5 b5 12. Ng5 h6 13. Nh3 c4 14. bxc4 Nxd3 15. cxd3 bxc4 16. Rab1 cxd3 17. Qg3 g5 18. Nf2 a5 19. h4 Nh5 20. Qg4 Nf6 21. Qh3 gxh4 22. Qxh4 Ba6 23. Ng4 Nxg4 24. Qxg4 Qc8 25. Nd5 Qc5+ 26. Kh1 Rxb2 27. Rxb2 Kh8 28. Rbb1 Re8 29. Nxe7 Qd4 30. Nd5 Rxe4 31. Rb8+ Kh7 32. Nf6+ Qxf6 33. Qxe4 d5 34. Qg4 Bc4 35. a4 Ba2 36. Re1 Qd4 37. Qg3 Bc4 38. Ree8 Qa1+ 39. Kh2 h5 40. Qg5 Be5+ 41. g3 1-0

[Event "Icelandic Open 2019"]
[Site "Akureyri"]
[Date "2019.06.01"]
[Round "9.5"]
[White "Karlsson, Mikael Johann"]
[Black "Sarkar, Justin"]
[Result "0-1"]
[ECO "A06"]
[WhiteElo "2146"]
[BlackElo "2358"]
[Annotator "ChessBase"]
[PlyCount "70"]
[EventDate "2019.05.25"]
[EventType "swiss"]
[EventCountry "ISL"]
[SourceTitle "playchess.com"]
[Source "ChessBase"]
[SourceQuality "1"]
[TimeControl "40/5400+30:1800+30"]

1. Nf3 d5 2. b3 c5 3. e3 a6 4. Bb2 Nc6 5. d4 Bg4 6. Be2 e6 7. Nbd2 cxd4 8. exd4 Nf6 9. O-O Be7 10. Ne5 Bxe2 11. Qxe2 Rc8 12. c3 O-O 13. f4 Ne8 14. f5 Nxe5 15. Qxe5 Bd6 16. Qe2 exf5 17. Rxf5 g6 18. Rf2 f5 19. g4 Ng7 20. Raf1 Qg5 21. h3 Rce8 22. Qf3 fxg4 23. Qxg4 Qe3 24. Nf3 Re4 25. Qg2 Ne6 26. Bc1 Qxc3 27. Bb2 Qd3 28. Ne5 Qe3 29. Ng4 Rxg4 30. Qxg4 Rxf2 31. Rxf2 Bg3 32. Qf3 Bxf2+ 33. Qxf2 Qxh3 34. Qf6 Qg4+ 35. Kh2 Qf4+ 0-1